PL
BOSTON PATRIOTS @ CHICAGO GOLD SOX
05/01/2029
 
TOP OF THE 1ST
Boston Patriots batting - Pitching for Chicago Gold Sox : RHP Raúl Areola
Pitching: RHP Raúl Areola
Batting: LHB Alberto Enríquez 0-0: Ground out U3 (Groundball, 3L)
Batting: RHB Tamasaburo Kato 0-0: Foul Ball, location: 2F
0-1: Ball
1-1: Foul Ball, location: 2F
1-2: Ground out 3-1 (Groundball, 34)
Batting: RHB Tommy Jones 0-0: Called Strike
0-1: Called Strike
0-2: Strikes out swinging
Top of the 1st over - 0 runs, 0 hits, 0 errors, 0 left on base; Boston 0 - Chicago 0
BOTTOM OF THE 1ST
Chicago Gold Sox batting - Pitching for Boston Patriots : RHP Lúcio Sánchez
Pitching: RHP Lúcio Sánchez
Batting: LHB Stanley Belote 0-0: Ball
1-0: Ball
2-0: Foul Ball, location: 2F
2-1: Fly out, F2 (Popup, 15S)
Batting: LHB Noel Ballard 0-0: Swinging Strike
0-1: Foul Ball, location: 2F
0-2: Ball
1-2: Strikes out swinging
Batting: LHB Melvin Castro 0-0: Called Strike
0-1: Fly out, F7 (Flyball, 7LD)
Bottom of the 1st over - 0 runs, 0 hits, 0 errors, 0 left on base; Boston 0 - Chicago 0
TOP OF THE 2ND
Boston Patriots batting - Pitching for Chicago Gold Sox : RHP Raúl Areola
Batting: LHB Jorge Alejándrez 0-0: Fly out, F5 (Popup, 5DF)
Batting: LHB Timmy Appeldoorn 0-0: Ball
1-0: Ball
2-0: Ball
3-0: Base on Balls
Batting: RHB Terry Armstrong 0-0: Called Strike
0-1: Ball
1-1: Called Strike
1-2: Fly out, F3 (Popup, 3SF)
Batting: SHB Jason Alexander 0-0: Ball
1-0: Ball
2-0: Swinging Strike
2-1: Ball
3-1: Base on Balls
Timmy Appeldoorn to second
Batting: LHB Hideki Hisanobu 0-0: Ball
1-0: SINGLE (Line Drive, 78S)
Timmy Appeldoorn to third
Jason Alexander to second
Runner from 3rd tries for Home, SAFE, no throw
Batting: LHB Bill Chambers 0-0: Ball
1-0: Ball
2-0: Ball
3-0: Called Strike
3-1: Fly out, F1 (Line Drive, 13)
Top of the 2nd over - 1 run, 1 hit, 0 errors, 2 left on base; Boston 1 - Chicago 0
BOTTOM OF THE 2ND
Chicago Gold Sox batting - Pitching for Boston Patriots : RHP Lúcio Sánchez
Batting: LHB Dewitt Hopper 0-0: Ball
1-0: Foul Ball, location: 2F
1-1: Ball
2-1: Ball
3-1: Base on Balls
Batting: SHB Lupo Cotto 0-0: Called Strike
0-1: Ball
1-1: Called Strike
1-2: Ball
2-2: Ball
3-2: Fly out, F9 (Flyball, 89S)
Batting: LHB Ricardo Collazo 0-0: Grounds into double play, 5-4-3 (Groundball, 5L)
Bottom of the 2nd over - 0 runs, 0 hits, 0 errors, 0 left on base; Boston 1 - Chicago 0
TOP OF THE 3RD
Boston Patriots batting - Pitching for Chicago Gold Sox : RHP Raúl Areola
Batting: LHB Alberto Enríquez 0-0: Ball
1-0: Fly out, F8 (Flyball, 8LD)
Batting: RHB Tamasaburo Kato 0-0: Ball
1-0: Ball
2-0: Foul Ball, location: 2F
2-1: SINGLE (Groundball, 56S) (infield hit)
Batting: RHB Tommy Jones 0-0: Fly out, F4 (Line Drive, 4)
Batting: LHB Jorge Alejándrez 0-0: Swinging Strike
0-1: Ball
1-1: Ball
2-1: Fly out, F7 (Line Drive, 7D)
Top of the 3rd over - 0 runs, 1 hit, 0 errors, 1 left on base; Boston 1 - Chicago 0
BOTTOM OF THE 3RD
Chicago Gold Sox batting - Pitching for Boston Patriots : RHP Lúcio Sánchez
Batting: RHB Manuel Guillama 0-0: Ball
1-0: Foul Ball, location: 2F
1-1: Ball
2-1: Called Strike
2-2: Foul Ball, location: 2F
2-2: Foul Ball, location: 2F
2-2: Foul Ball, location: 2F
2-2: Strikes out swinging
Batting: RHB Zeus Preckwinkle 0-0: Fly out, F6 (Line Drive, 6)
Batting: RHB Hirohisa Ogasawara 0-0: Ball
1-0: Called Strike
1-1: Ball
2-1: Swinging Strike
2-2: Ball
3-2: Foul Ball, location: 2F
3-2: Strikes out looking
Bottom of the 3rd over - 0 runs, 0 hits, 0 errors, 0 left on base; Boston 1 - Chicago 0
TOP OF THE 4TH
Boston Patriots batting - Pitching for Chicago Gold Sox : RHP Raúl Areola
Batting: LHB Timmy Appeldoorn 0-0: Ball
1-0: Fly out, F6 (Line Drive, 4M)
Batting: RHB Terry Armstrong 0-0: Ball
1-0: Ball
2-0: Foul Ball, location: 2F
2-1: Foul Ball, location: 2F
2-2: Foul Ball, location: 2F
2-2: Fly out, F4 (Line Drive, 4M)
Batting: SHB Jason Alexander 0-0: Swinging Strike
0-1: Ball
1-1: Ball
2-1: Foul Ball, location: 2F
2-2: Ball
3-2: Strikes out swinging
Top of the 4th over - 0 runs, 0 hits, 0 errors, 0 left on base; Boston 1 - Chicago 0
BOTTOM OF THE 4TH
Chicago Gold Sox batting - Pitching for Boston Patriots : RHP Lúcio Sánchez
Batting: LHB Stanley Belote 0-0: Fly out, F9 (Flyball, 9D)
Batting: LHB Noel Ballard 0-0: Ball
1-0: Ground out 4-3 (Groundball, 4M)
Batting: LHB Melvin Castro 0-0: Foul Ball, location: 2F
0-1: Ground out 1-3 (Groundball, 15)
Bottom of the 4th over - 0 runs, 0 hits, 0 errors, 0 left on base; Boston 1 - Chicago 0
TOP OF THE 5TH
Boston Patriots batting - Pitching for Chicago Gold Sox : RHP Raúl Areola
Batting: LHB Hideki Hisanobu 0-0: Ball
1-0: Called Strike
1-1: Foul Ball, location: 2F
1-2: Foul Ball, location: 2F
1-2: Ground out 4-3 (Groundball, 4)
Batting: LHB Bill Chambers 0-0: Called Strike
0-1: Foul Ball, location: 2F
0-2: Ball
1-2: SOLO HOME RUN (Flyball, 9LD), Distance : 350 ft
Batting: LHB Alberto Enríquez 0-0: Ball
1-0: Foul Ball, location: 2F
1-1: Called Strike
1-2: Foul Ball, location: 2F
1-2: Foul Ball, location: 2F
1-2: Strikes out swinging
Batting: RHB Tamasaburo Kato 0-0: Foul Ball, location: 2F
0-1: Fly out, F9 (Flyball, 9S)
Top of the 5th over - 1 run, 1 hit, 0 errors, 0 left on base; Boston 2 - Chicago 0
BOTTOM OF THE 5TH
Chicago Gold Sox batting - Pitching for Boston Patriots : RHP Lúcio Sánchez
Batting: LHB Dewitt Hopper 0-0: Ball
1-0: Ground out 6-3 (Groundball, 6M)
Batting: SHB Lupo Cotto 0-0: Swinging Strike
0-1: Ground out U3 (Groundball, 34)
Batting: LHB Ricardo Collazo 0-0: Called Strike
0-1: Ball
1-1: Foul Ball, location: 2F
1-2: Ball
2-2: Foul Ball, location: 2F
2-2: Ball
3-2: Fly out, F7 (Flyball, 7LM)
Bottom of the 5th over - 0 runs, 0 hits, 0 errors, 0 left on base; Boston 2 - Chicago 0
TOP OF THE 6TH
Boston Patriots batting - Pitching for Chicago Gold Sox : RHP Raúl Areola
Batting: RHB Tommy Jones 0-0: Fly out, F8 (Flyball, 78S)
Batting: LHB Jorge Alejándrez 0-0: Called Strike
0-1: SOLO HOME RUN (Flyball, 9LD), Distance : 349 ft
Batting: LHB Timmy Appeldoorn 0-0: Swinging Strike
0-1: Ball
1-1: Ball
2-1: Ball
3-1: Base on Balls
Batting: RHB Terry Armstrong 0-0: Fly out, F8 (Flyball, 89M)
Batting: SHB Jason Alexander 0-0: Swinging Strike
0-1: Foul Ball, location: 2F
0-2: Strikes out swinging, 2-3 out at first.
Top of the 6th over - 1 run, 1 hit, 0 errors, 1 left on base; Boston 3 - Chicago 0
BOTTOM OF THE 6TH
Chicago Gold Sox batting - Pitching for Boston Patriots : RHP Lúcio Sánchez
Batting: RHB Manuel Guillama 0-0: SINGLE (Line Drive, 6MD)
Batting: RHB Zeus Preckwinkle 0-0: Ball
1-0: Called Strike
1-1: Called Strike
1-2: Foul Ball, location: 2F
1-2: Ball
2-2: Foul Ball, location: 2F
2-2: Strikes out swinging
Batting: RHB Hirohisa Ogasawara 0-0: Ball
1-0: Foul Ball, location: 2F
1-1: Called Strike
1-2: Grounds into double play, 6-4-3 (Groundball, 6)
Bottom of the 6th over - 0 runs, 1 hit, 0 errors, 0 left on base; Boston 3 - Chicago 0
TOP OF THE 7TH
Boston Patriots batting - Pitching for Chicago Gold Sox : RHP Raúl Areola
Batting: LHB Hideki Hisanobu 0-0: Foul Ball, location: 2F
0-1: Foul Ball, location: 2F
0-2: Ball
1-2: Foul Ball, location: 2F
1-2: SINGLE (Groundball, 34D)
Batting: LHB Bill Chambers 0-0: Called Strike
0-1: Ball
1-1: Fly out, F7 (Flyball, 78D)
Batting: LHB Alberto Enríquez 0-0: Ball
1-0: Ball
2-0: Called Strike
2-1: Ball
3-1: Fly out, F8 (Line Drive, 8LD)
Batting: RHB Tamasaburo Kato 0-0: Called Strike
0-1: Ball
1-1: Ball
2-1: Ball
3-1: Fielders Choice at 2nd, 6-4 (Groundball, 6)
Top of the 7th over - 0 runs, 1 hit, 0 errors, 1 left on base; Boston 3 - Chicago 0
BOTTOM OF THE 7TH
Chicago Gold Sox batting - Pitching for Boston Patriots : RHP Lúcio Sánchez
Batting: LHB Stanley Belote 0-0: Foul Ball, location: 2F
0-1: Ball
1-1: SOLO HOME RUN (Flyball, 7LD), Distance : 379 ft
Batting: LHB Noel Ballard 0-0: Called Strike
0-1: Called Strike
0-2: Ball
1-2: Ball
2-2: Ball
3-2: Fly out, F5 (Line Drive, 56)
Batting: LHB Melvin Castro 0-0: Fly out, F8 (Flyball, 8LXD)
Batting: LHB Dewitt Hopper 0-0: Called Strike
0-1: Ball
1-1: Ball
2-1: Foul Ball, location: 2F
2-2: Strikes out swinging
Bottom of the 7th over - 1 run, 1 hit, 0 errors, 0 left on base; Boston 3 - Chicago 1
TOP OF THE 8TH
Boston Patriots batting - Pitching for Chicago Gold Sox : RHP Raúl Areola
Batting: RHB Tommy Jones 0-0: Ball
1-0: Called Strike
1-1: Foul Ball, location: 2F
1-2: Fly out, F9 (Flyball, 89S)
Batting: LHB Jorge Alejándrez 0-0: Foul Ball, location: 2F
0-1: Ground out 4-3 (Groundball, 4MD)
Batting: LHB Timmy Appeldoorn 0-0: Ball
1-0: Foul Ball, location: 2F
1-1: Ball
2-1: SINGLE (Line Drive, 9S)
Batting: RHB Terry Armstrong 0-0: Ball
1-0: Ball
2-0: Ball
3-0: Foul Ball, location: 2F
3-1: Swinging Strike
3-2: SINGLE (Line Drive, 7LS)
Timmy Appeldoorn to second
Timmy Appeldoorn to third
Pitching: RHP Shuntavyious Primes-Willes
Batting: SHB Jason Alexander 0-0: Called Strike
0-1: Foul Ball, location: 2F
0-2: Ball
1-2: Strikes out swinging
Top of the 8th over - 0 runs, 2 hits, 0 errors, 2 left on base; Boston 3 - Chicago 1
BOTTOM OF THE 8TH
Chicago Gold Sox batting - Pitching for Boston Patriots : RHP Lúcio Sánchez
Batting: SHB Lupo Cotto 0-0: Called Strike
0-1: Fly out, F8 (Line Drive, 8RD)
Batting: LHB Ricardo Collazo 0-0: Ball
1-0: Foul Ball, location: 2F
1-1: Ball
2-1: Swinging Strike
2-2: Strikes out swinging
Batting: RHB Manuel Guillama 0-0: Called Strike
0-1: Ball
1-1: Ball
2-1: Foul Ball, location: 2F
2-2: Strikes out looking
Bottom of the 8th over - 0 runs, 0 hits, 0 errors, 0 left on base; Boston 3 - Chicago 1
TOP OF THE 9TH
Boston Patriots batting - Pitching for Chicago Gold Sox : RHP Shuntavyious Primes-Willes
Batting: LHB Hideki Hisanobu 0-0: Foul Ball, location: 2F
0-1: Ball
1-1: Ground out 4-3 (Groundball, 4)
Batting: LHB Bill Chambers 0-0: Ball
1-0: Called Strike
1-1: Swinging Strike
1-2: Ball
2-2: Ball
3-2: Fly out, F7 (Line Drive, 7)
Batting: LHB Alberto Enríquez 0-0: Ball
1-0: Ball
2-0: Ball
3-0: Base on Balls
Batting: RHB Tamasaburo Kato 0-0: Ball
1-0: Foul Ball, location: 2F
1-1: Ball
2-1: Called Strike
2-2: SINGLE (Line Drive, 9S)
Alberto Enríquez to second
Pitching: RHP Bruce Wright
Batting: RHB Tommy Jones 0-0: Foul Ball, location: 2F
0-1: Foul Ball, location: 2F
0-2: Ball
1-2: Ball
2-2: Ball
3-2: Strikes out swinging
Top of the 9th over - 0 runs, 1 hit, 0 errors, 2 left on base; Boston 3 - Chicago 1
BOTTOM OF THE 9TH
Chicago Gold Sox batting - Pitching for Boston Patriots : RHP Lúcio Sánchez
Batting: RHB Zeus Preckwinkle 0-0: Ball
1-0: Foul Ball, location: 2F
1-1: Foul Ball, location: 2F
1-2: Ground out 5-3 (Groundball, 56)
Batting: RHB Hirohisa Ogasawara 0-0: Fly out, F8 (Flyball, 8RXD)
Batting: LHB Stanley Belote 0-0: Called Strike
0-1: Ball
1-1: Ground out 3-1 (Groundball, 34)
Bottom of the 9th over - 0 runs, 0 hits, 0 errors, 0 left on base; Boston 3 - Chicago 1
Tuesday, December 19th, 2017 - OOTP Baseball 18.8 Build 76